 Dungeon Crawl Stone Soup version 0.19.4-9-g45fd643 (webtiles) character file.

8694 sveltemanboy the Carver (level 11, 0/52 HPs)
             Began as a Vine Stalker Gladiator on Feb 21, 2017.
             Was a Follower of Ashenzari.
             Succumbed to a hornet's poison
             ... on level 10 of the Dungeon.
             The game lasted 00:26:00 (8357 turns).

sveltemanboy the Carver (Vine Stalker Gladiator)    Turns: 8357, Time: 00:26:01

Health: 0/52       AC: 15    Str: 19    XL:     11   Next: 34%
Magic:  3/18       EV: 11    Int: 16    God:    Ashenzari [*.....]
Gold:   526        SH:  0    Dex: 14    Spells: 2 memorised, 10 levels left

rFire  . . .     SeeInvis .     a - +1 long sword
rCold  . . .     Gourm    .     F - +2 scale mail {MR+}
rNeg   . . .     Faith    .     (no shield)
rPois  .         Spirit   +     c - +1 helmet
rElec  .         Reflect  .     y - +0 cloak
rCorr  .         Harm     .     (no gloves)
MR     ++...     Clarity  +     (no boots)
Stlth  +++.......               x - amulet of regeneration (curse)
                                Q - +5 ring of intelligence (curse)
                                h - +3 ring of protection (curse)

@: lethally poisoned (0 -> -2), very slightly contaminated, slowed, very slow
A: fangs 3, clarity, mutation resistance 1, regeneration 1, magic shield,
antimagic bite, no device heal 3, rot immunity
a: Curse Item, Scrying, Renounce Religion


You were on level 10 of the Dungeon.
You worshipped Ashenzari.
Ashenzari was aware of your devotion.
You were not hungry.

You visited 2 branches of the dungeon, and saw 12 of its levels.
You also visited: Sewer.

You collected 526 gold pieces.

Inventory:

Hand Weapons
 a - a +1 long sword (weapon)
Armour
 c - a +1 helmet (worn)
 y - a +0 cloak (worn)
 F - a +2 scale mail of magic resistance (worn)
Jewellery
 h - a cursed +3 ring of protection (left hand)
 x - a cursed amulet of regeneration (around neck)
 Q - a cursed +5 ring of intelligence (right hand)
Wands
 b - a wand of enslavement (8/24)
 d - a wand of flame (6/48)
 t - a wand of disintegration (5/24)
 E - a wand of iceblast (5/15)
 H - a wand of lightning (4/15)
 J - a wand of paralysis (14/24)
 K - a wand of digging (12/24)
Scrolls
 g - 4 scrolls of blinking
 i - 2 scrolls of enchant armour
 l - 2 scrolls of recharging
 o - a scroll of identify
 q - 3 scrolls of fog
 r - 2 scrolls of amnesia
 v - 2 scrolls of immolation
 G - 7 scrolls of teleportation
 I - a scroll of enchant weapon
 N - a scroll of remove curse
Potions
 e - 4 potions of lignification
 j - a potion of agility
 k - 3 potions of curing
 m - a potion of magic
 A - a potion of cure mutation {unknown}
 C - a potion of brilliance
 D - a potion of ambrosia
 L - 2 potions of invisibility
 P - 2 potions of haste
 R - a potion of might
Comestibles
 f - 12 bread rations
 n - 3 beef jerkies
 s - 2 royal jellies
 u - 9 meat rations
 w - 8 slices of pizza
 z - 24 fruits
 B - a chunk of flesh


   Skills:
 - Level 3.0 Fighting
 * Level 9.3 Long Blades
 - Level 1.7 Throwing
 + Level 4.2 Armour
 - Level 3.6 Dodging
 - Level 9.1 Stealth
 - Level 2.0 Spellcasting
 - Level 3.1 Charms
 - Level 4.0 Air Magic
 - Level 8.1 Evocations


You had 10 spell levels left.
You knew the following spells:

 Your Spells              Type           Power        Failure   Level  Hunger
a - Repel Missiles        Chrm/Air       ##....       21%         2    ###....
b - Swiftness             Chrm/Air       ##......     21%         2    ###....


Dungeon Overview and Level Annotations

Branches:
Dungeon (11/15)            Temple (1/1) D:5            Lair (0/6) D:9
    Orc: D:9-12

Altars:
Ashenzari
Cheibriados
Dithmenos
Elyvilon
Fedhas
Gozag
Hepliaklqana
Kikubaaqudgha
Makhleb
Nemelex Xobeh
Okawaru
Qazlal
Ru
Sif Muna
Trog
Uskayaw
Vehumet
Xom
Yredelemnul
Zin
The Shining One

Shops:
D:5 %


Innate Abilities, Weirdness & Mutations

You have razor-sharp teeth.
Your natural rate of healing is unusually fast.
When hurt, damage is shared between your health and your magic reserves.
Your bite disrupts and absorbs the magic of your enemies.
Potions and wands cannot restore your health.
You are immune to rotting.
You possess an exceptional clarity of mind.
You are somewhat resistant to further mutation.


Message History

You feel as though you will be slow longer.
An orc wizard comes into view. It is wielding a dagger.
* * * LOW HITPOINT WARNING * * *
You feel sick. The hornet barely misses you.
* * * LOW HITPOINT WARNING * * *
You feel sick. The hornet stings you.
* * * LOW HITPOINT WARNING * * *
You feel as though you will be slow longer.
The hornet stings you but does no damage.
You can move again.
Blink to where?
Press: ? - help, Dir - move target cursor You are very lightly contaminated with residual magic.
As you read the scroll of blinking, it crumbles to dust.
* * * LOW HITPOINT WARNING * * *
You feel very sick.
* * * LOW HITPOINT WARNING * * *
You feel sick.
There is a stone staircase leading up here.
You die...

#.#
#......ยง....#
#.# #.#
#...........#
#.# #.#
#...........#
#.# #.#
#....y......#
#.# #.#
#...........#
#.# #.#
#...........#
#.# #.#
#...........#
#.# #.#
#...........#
#.# #.#
#....@......#
#.# #.#
#...........#
#.# #.#
#...........#
#.# #.#
#...........#
#.# #.#
#...........#
#.# #.#
#.(.........#
#.# ###
#############
###


You could see a hornet.

Vanquished Creatures
  A hydra (D:8)
  Sonja (D:10)
  A hill giant (D:10)
  Pikel (D:5)
  The ghost of Felix the Charmwright, a novice HESk (D:5)
  Maurice (D:9)
  A two-headed ogre (D:8)
  2 hippogriffs
  2 dream sheep (D:8)
  6 yaks
  A wyvern (D:9)
  2 orc warriors
  4 sky beasts
  A black bear (D:9)
  2 phantoms
  A necrophage (D:8)
  3 centaurs
  4 ogres
  2 crocodiles
  3 big kobolds (D:8)
  3 bullfrogs
  2 scorpions
  A water moccasin skeleton (D:10)
  4 wights (D:10)
  A howler monkey (D:4)
  6 crimson imps
  2 hounds
  3 orc priests
  A bullfrog skeleton (D:10)
  4 jellies
  4 iguanas
  15 orc wizards
  10 worker ants
  3 gnolls (D:6)
  13 adders
  A shadow imp (D:7)
  An adder zombie (D:6)
  2 oozes
  2 dart slugs (D:2)
  8 leopard geckos
  35 orcs
  A ball python (D:2)
  2 giant cockroaches
  7 hobgoblins
  12 jackals
  6 quokkas
  8 bats
  10 frilled lizards
  5 goblins
  15 kobolds
  2 leopard gecko skeletons
  6 rats
235 creatures vanquished.

Vanquished Creatures (others)
  An ice beast (D:5)
  A slave (D:5)
  A centaur (D:5)
  An orc priest (D:5)
  2 orc wizards (D:5)
  A shadow imp (D:5)
  An adder zombie (D:5)
  2 orcs (D:5)
10 creatures vanquished.

Grand Total: 245 creatures vanquished

Notes
Turn   | Place    | Note
-------+----------+-------------------------------------------
     0 | D:1      | sveltemanboy the Vine Stalker Gladiator began the quest for the Orb.
     0 | D:1      | Reached XP level 1. HP: 11/11 MP: 2/2
   193 | D:1      | Reached XP level 2. HP: 14/15 MP: 3/3
   229 | D:1      | Reached skill level 1 in Armour
   461 | D:1      | Reached XP level 3. HP: 18/18 MP: 4/4
   830 | D:2      | Gained mutation: Your natural rate of healing is unusually fast. [Vine Stalker growth]
   830 | D:2      | Reached XP level 4. HP: 22/23 MP: 3/5
  1238 | D:2      | Found a bloodstained altar of Trog.
  1891 | D:3      | Reached skill level 1 in Evocations
  1891 | D:3      | Reached XP level 5. HP: 26/28 MP: 6/6
  2096 | D:3      | Found a snail-covered altar of Cheibriados.
  2124 | D:3      | Reached skill level 1 in Spellcasting
  2536 | D:4      | Reached XP level 6. HP: 32/32 MP: 9/9
  3075 | D:4      | Noticed a phantom
  3153 | D:4      | Killed a phantom
  3203 | D:5      | Entered Level 5 of the Dungeon
  3247 | D:5      | Noticed Felix's ghost (novice HESk)
  3275 | D:5      | Killed Felix's ghost
  3275 | D:5      | Reached XP level 7. HP: 36/36 MP: 6/11
  3296 | D:5      | Reached skill level 5 in Stealth
  3389 | D:5      | Noticed Pikel
  3389 | D:5      | Gained mutation: You have razor-sharp teeth. [Vine Stalker growth]
  3389 | D:5      | Reached XP level 8. HP: 38/40 MP: 12/12
  3415 | D:5      | Killed Pikel
  3415 | D:5      | Reached skill level 5 in Evocations
  3572 | D:5      | Found Woimipp's Food Boutique.
  3852 | D:5      | Found a staircase to the Ecumenical Temple.
  3861 | Temple   | Entered the Ecumenical Temple
  3928 | Temple   | Became a worshipper of Ashenzari the Shackled
  4140 | D:5      | Found a blossoming altar of Fedhas.
  4140 | D:5      | Found a sacrificial altar of Ru.
  4397 | D:6      | Reached XP level 9. HP: 44/44 MP: 14/14
  4460 | D:6      | Found a glowing drain.
  4485 | Sewer    | Entered a sewer
  4692 | D:6      | Found an ancient bone altar of Kikubaaqudgha.
  5492 | D:7      | Found a glowing silver altar of Zin.
  5617 | D:7      | Found a deep blue altar of Sif Muna.
  5622 | D:7      | Reached * piety under Ashenzari
  5932 | D:8      | Reached skill level 5 in Long Blades
  5951 | D:8      | Learned a level 2 spell: Repel Missiles
  5954 | D:8      | Learned a level 2 spell: Swiftness
  6021 | D:8      | Reached skill level 1 in Charms
  6042 | D:8      | Found a shattered altar of Ashenzari.
  6226 | D:8      | Reached XP level 10. HP: 24/49 MP: 16/16
  6281 | D:8      | Reached skill level 1 in Air Magic
  6303 | D:8      | Noticed a two-headed hydra
  6340 | D:8      | Killed a two-headed hydra
  6644 | D:9      | Found a burning altar of Makhleb.
  6810 | D:9      | Noticed Maurice
  6863 | D:9      | Killed Maurice
  6976 | D:9      | Gained mutation: You are somewhat resistant to further mutation. [potion of mutation]
  6976 | D:9      | Gained mutation: You possess an exceptional clarity of mind. [potion of mutation]
  7223 | D:9      | Found a staircase to the Lair.
  7447 | D:10     | Entered Level 10 of the Dungeon
  7501 | D:10     | Reached XP level 11. HP: 30/52 MP: 9/18
  7673 | D:10     | Noticed a hill giant
  7687 | D:10     | Killed a hill giant
  8060 | D:10     | Noticed Sonja
  8073 | D:10     | Killed Sonja
  8352 | D:10     | Paralysed by a hornet for 3 turns
  8355 | D:10     | HP: 1/52 [poisoned by a hornet]
  8357 | D:10     | Succumbed to a hornet's poison

Skill      XL: |  1  2  3  4  5  6  7  8  9 10 11 |
---------------+----------------------------------+-----
Fighting       | 2 3 |  3.0
Armour         | 1 2 3 4 |  4.2
Dodging        | 3 |  3.6
Evocations     | 1 4 6 7 8 |  8.1
Spellcasting   | 1 2 |  2.0
Stealth        | 4 5 8 9 |  9.1
Long Blades    | 3 6 8 9 |  9.3
Charms         | 3 |  3.1
Air Magic      | 4 |  4.0
Throwing       | |  1.7

Action                   |  1- 3 |  4- 6 |  7- 9 | 10-12 || total
-------------------------+-------+-------+-------+-------++-------
Melee: Long sword        |    75 |   137 |    60 |   138 ||   410
       Bite              |    20 |    54 |   101 |   106 ||   281
       Dagger            |       |    48 |   201 |   171 ||   420
Throw: Throwing net      |     4 |       |       |       ||     4
 Cast: Swiftness         |       |       |       |     3 ||     3
Invok: Curse Item        |       |       |     3 |       ||     3
Evoke: Wand              |       |    21 |       |     9 ||    30
  Use: Scroll            |       |     2 |       |    22 ||    24
       Potion            |       |     1 |       |     3 ||     4
 Stab: Sleeping          |     2 |       |    17 |     8 ||    27
       Held in net/web   |     2 |       |       |       ||     2
       Paralysed         |       |       |       |     9 ||     9
  Eat: Chunk             |       |     7 |    10 |     8 ||    25
Armor: Leather armour    |    18 |       |       |       ||    18
       Ring mail         |    27 |    67 |    85 |    96 ||   275
       Scale mail        |       |       |       |    15 ||    15
Dodge: Dodged            |    58 |    86 |   144 |   128 ||   416
       Rpst.: Long sword |    20 |    18 |    16 |    19 ||    73
